3AAA
SALT LAKE CITY BUZZ @ SUNSET DISTRICT FOG
05/20/2034
 
TOP OF THE 1ST
Salt Lake City Buzz batting - Pitching for Sunset District Fog : RHP C'Bo Flemister
Pitching: RHP C'Bo Flemister
Batting: RHB Germán Espantoso 0-0: Foul Ball, location: 2F
0-1: Foul Ball, location: 2F
0-2: Ball
1-2: Ball
2-2: Foul Ball, location: 2F
2-2: Ball
3-2: Ground out 5-3 (Groundball, 56S)
Batting: RHB Yoichibei Chikafuji 0-0: Ball
1-0: Ball
2-0: Fly out, F7 (Flyball, 7D)
Batting: LHB Orlando Casillas 0-0: Called Strike
0-1: Ball
1-1: Ball
2-1: Swinging Strike
2-2: Strikes out swinging
Top of the 1st over - 0 runs, 0 hits, 0 errors, 0 left on base; Salt Lake City 0 - Sunset District 0
BOTTOM OF THE 1ST
Sunset District Fog batting - Pitching for Salt Lake City Buzz : RHP Francisco Díaz
Pitching: RHP Francisco Díaz
Batting: LHB Roderick Simpson 0-0: Foul Ball, location: 2F
0-1: Foul Ball, location: 2F
0-2: Ball
1-2: Foul Ball, location: 2F
1-2: DOUBLE (Line Drive, 3D)
Batting: LHB Ed Berry 0-0: Ball
1-0: Called Strike
1-1: Swinging Strike
1-2: Ground out 3-1 (Groundball, 34)
Roderick Simpson to third
Batting: LHB Ieyoshi Samurakami 0-0: Ball
1-0: Ball
2-0: Foul Ball, location: 2F
2-1: Ball
3-1: Base on Balls
Batting: SHB Charles Weber 0-0: Ball
1-0: Ball
2-0: Called Strike
2-1: Fly out, F9 (Flyball, 89M)
Runner from 3rd tags up, SCORES, throw made
Batting: LHB Arnold England 0-0: Called Strike
0-1: Ball
1-1: Ball
2-1: Ball
3-1: Base on Balls
Ieyoshi Samurakami to second
Batting: RHB Tom Woolever 0-0: Foul Ball, location: 2F
0-1: Ball
1-1: Ball
2-1: Fly out, F2 (Popup, 2RF)
Bottom of the 1st over - 1 run, 1 hit, 0 errors, 2 left on base; Salt Lake City 0 - Sunset District 1
TOP OF THE 2ND
Salt Lake City Buzz batting - Pitching for Sunset District Fog : RHP C'Bo Flemister
Batting: RHB Fytor Ceia 0-0: Ball
1-0: Ball
2-0: SINGLE (Line Drive, 7S)
Batting: RHB Luo-lang Li 0-0: Ball
1-0: Ball
2-0: Called Strike
2-1: Swinging Strike
2-2: Ball
3-2: Foul Ball, location: 2F
3-2: Strikes out swinging
Batting: RHB Fontana Contaldo 0-0: Ball
1-0: SINGLE (Groundball, 4MD)
Fytor Ceia to second
Runner from 2nd tries for 3rd, SAFE, no throw
Batting: RHB Cooper Lowe 0-0: Called Strike
0-1: Ball
1-1: Foul Ball, location: 2F
1-2: Fly out, F9 (Flyball, 9)
Batting: RHB Olaf Esveld 0-0: Called Strike
0-1: Ball
1-1: Called Strike
1-2: Foul Ball, location: 2F
1-2: Ground out 6-3 (Groundball, 6S)
Top of the 2nd over - 0 runs, 2 hits, 0 errors, 2 left on base; Salt Lake City 0 - Sunset District 1
BOTTOM OF THE 2ND
Sunset District Fog batting - Pitching for Salt Lake City Buzz : RHP Francisco Díaz
Batting: LHB Jesús De Jesús 0-0: Swinging Strike
0-1: Swinging Strike
0-2: Strikes out looking
Batting: LHB Jesús Trevino 0-0: Called Strike
0-1: Fly out, F8 (Flyball, 8RD)
Batting: LHB Frank Brinton 0-0: Ball
1-0: Called Strike
1-1: Foul Ball, location: 2F
1-2: Ball
2-2: Ball
3-2: Base on Balls
Batting: LHB Roderick Simpson 0-0: 2-RUN HOME RUN (Flyball, 9LD), Distance : 357 ft
Batting: LHB Ed Berry 0-0: Ground out U3 (Groundball, 3)
Bottom of the 2nd over - 2 runs, 1 hit, 0 errors, 0 left on base; Salt Lake City 0 - Sunset District 3
TOP OF THE 3RD
Salt Lake City Buzz batting - Pitching for Sunset District Fog : RHP C'Bo Flemister
Batting: RHB Kupaalani Bakana 0-0: Fly out, F5 (Popup, 6S)
Batting: RHB Germán Espantoso 0-0: Called Strike
0-1: Ball
1-1: Ball
2-1: SINGLE (Groundball, 34D)
Batting: RHB Yoichibei Chikafuji 0-0: Called Strike
0-1: Foul Ball, location: 2F
0-2: Ball
1-2: SINGLE (Line Drive, 89S)
Germán Espantoso to second
Batting: LHB Orlando Casillas 0-0: Called Strike
0-1: Ball
1-1: Called Strike
Germán Espantoso steals 3rd base
1-2: Foul Ball, location: 2F
1-2: Ball
2-2: Strikes out swinging
Batting: RHB Fytor Ceia 0-0: Called Strike
0-1: Ball
1-1: Foul Ball, location: 2F
1-2: Ball
2-2: Ball
3-2: Foul Ball, location: 2F
3-2: Foul Ball, location: 2F
3-2: Foul Ball, location: 2F
3-2: SINGLE (Flyball, 7S)
Germán Espantoso scores
Yoichibei Chikafuji to second
Yoichibei Chikafuji to third
Batting: RHB Luo-lang Li 0-0: Foul Ball, location: 2F
0-1: Fly out, F7 (Line Drive, 78XD)
Top of the 3rd over - 1 run, 3 hits, 0 errors, 2 left on base; Salt Lake City 1 - Sunset District 3
BOTTOM OF THE 3RD
Sunset District Fog batting - Pitching for Salt Lake City Buzz : RHP Francisco Díaz
Batting: LHB Ieyoshi Samurakami 0-0: Ball
1-0: Ball
2-0: Foul Ball, location: 2F
2-1: Foul Ball, location: 2F
2-2: Ground out U3 (Groundball, 34)
Batting: SHB Charles Weber 0-0: Ball
1-0: Ball
2-0: Ball
3-0: Ground out 4-3 (Groundball, 4)
Batting: LHB Arnold England 0-0: Ball
1-0: Called Strike
1-1: Hit by Pitch
Batting: RHB Tom Woolever 0-0: Called Strike
0-1: Ball
1-1: Ball
2-1: Ball
3-1: Base on Balls
Arnold England to second
Batting: LHB Jesús De Jesús 0-0: Foul Ball, location: 2F
0-1: Foul Ball, location: 2F
0-2: Ball
1-2: Ball
2-2: Ball
3-2: SINGLE (Groundball, 4MD)
Arnold England to third
Tom Woolever to second
Arnold England scores
Tom Woolever to third
Batting: LHB Jesús Trevino 0-0: Swinging Strike
0-1: Foul Ball, location: 2F
0-2: Ball
1-2: Foul Ball, location: 2F
1-2: Strikes out looking
Bottom of the 3rd over - 1 run, 1 hit, 0 errors, 2 left on base; Salt Lake City 1 - Sunset District 4
TOP OF THE 4TH
Salt Lake City Buzz batting - Pitching for Sunset District Fog : RHP C'Bo Flemister
Batting: RHB Fontana Contaldo 0-0: Called Strike
0-1: Ball
1-1: Ball
2-1: Foul Ball, location: 2F
2-2: Ground out 6-3 (Groundball, 6)
Batting: RHB Cooper Lowe 0-0: Called Strike
0-1: Swinging Strike
0-2: Strikes out swinging
Batting: RHB Olaf Esveld 0-0: Called Strike
0-1: Called Strike
0-2: Ball
1-2: Strikes out swinging
Top of the 4th over - 0 runs, 0 hits, 0 errors, 0 left on base; Salt Lake City 1 - Sunset District 4
BOTTOM OF THE 4TH
Sunset District Fog batting - Pitching for Salt Lake City Buzz : RHP Francisco Díaz
Batting: LHB Frank Brinton 0-0: Ball
1-0: Called Strike
1-1: SINGLE (Groundball, 34S) (infield hit)
Batting: LHB Roderick Simpson 0-0: Called Strike
0-1: Ball
1-1: Ball
2-1: Swinging Strike
2-2: Fielders Choice at 2nd, 3-6 (Groundball, 34)
Batting: LHB Ed Berry 0-0: Ball
1-0: Fielders Choice at 2nd, 1-6 (Groundball, 13S)
Batting: LHB Ieyoshi Samurakami 0-0: Called Strike
Ed Berry is caught stealing 2nd base
Bottom of the 4th over - 0 runs, 1 hit, 0 errors, 0 left on base; Salt Lake City 1 - Sunset District 4
TOP OF THE 5TH
Salt Lake City Buzz batting - Pitching for Sunset District Fog : RHP C'Bo Flemister
Batting: RHB Kupaalani Bakana 0-0: SINGLE (Line Drive, 56D)
Batting: RHB Germán Espantoso 0-0: Ball
1-0: Ball
2-0: Sac Bunt - play at second, runner OUT! 3-6
Batting: RHB Yoichibei Chikafuji 0-0: Foul Ball, location: 2F
0-1: Ball
1-1: Ball
2-1: Ball
Germán Espantoso steals 2nd base
3-1: Foul Ball, location: 2F
3-2: Foul Ball, location: 2F
3-2: Strikes out swinging
Batting: LHB Orlando Casillas 0-0: Foul Ball, location: 2F
0-1: Ground out 4-3 (Groundball, 4)
Top of the 5th over - 0 runs, 1 hit, 0 errors, 1 left on base; Salt Lake City 1 - Sunset District 4
BOTTOM OF THE 5TH
Sunset District Fog batting - Pitching for Salt Lake City Buzz : RHP Francisco Díaz
Batting: LHB Ieyoshi Samurakami 0-0: SINGLE (Groundball, 34D)
Pitching: RHP José Castro
Batting: SHB Charles Weber 0-0: Ball
1-0: Fly out, F8 (Flyball, 8RM)
Batting: LHB Arnold England 0-0: Called Strike
0-1: Ball
1-1: Ball
2-1: Foul Ball, location: 2F
2-2: Foul Ball, location: 2F
2-2: Ball
3-2: Base on Balls
Ieyoshi Samurakami to second
Batting: RHB Tom Woolever 0-0: Called Strike
0-1: Ball
1-1: Ball
2-1: Ball
3-1: Foul Ball, location: 2F
3-2: Foul Ball, location: 2F
3-2: Base on Balls
Ieyoshi Samurakami to third
Arnold England to second
Batting: LHB Jesús De Jesús 0-0: Ball
1-0: Ball
2-0: Ball
3-0: Called Strike
3-1: Foul Ball, location: 2F
3-2: Foul Ball, location: 2F
3-2: Foul Ball, location: 2F
3-2: Foul Ball, location: 2F
3-2: Base on Balls
Ieyoshi Samurakami scores
Arnold England to third
Tom Woolever to second
Batting: LHB Jesús Trevino 0-0: Called Strike
0-1: Ball
1-1: Foul Ball, location: 2F
1-2: Ball
2-2: Foul Ball, location: 2F
2-2: Ball
3-2: Base on Balls
Arnold England scores
Tom Woolever to third
Jesús De Jesús to second
Batting: LHB Frank Brinton 0-0: Called Strike
0-1: Called Strike
0-2: Ball
1-2: Foul Ball, location: 2F
1-2: Strikes out swinging
Batting: LHB Roderick Simpson 0-0: Called Strike
0-1: Foul Ball, location: 2F
0-2: Ball
1-2: Foul Ball, location: 2F
1-2: Ball
2-2: DOUBLE (Line Drive, 78M)
Tom Woolever scores
Jesús De Jesús scores
Jesús Trevino to third
Runner from 3rd tries for Home, SAFE, no throw
Batting: LHB Ed Berry 0-0: Ball
1-0: Ball
2-0: Foul Ball, location: 2F
2-1: Ball
3-1: Base on Balls
Batting: LHB Ieyoshi Samurakami 0-0: Called Strike
0-1: Ball
1-1: Swinging Strike
1-2: Fly out, F3 (Popup, 34)
Bottom of the 5th over - 5 runs, 2 hits, 0 errors, 2 left on base; Salt Lake City 1 - Sunset District 9
TOP OF THE 6TH
Salt Lake City Buzz batting - Pitching for Sunset District Fog : RHP C'Bo Flemister
Batting: RHB Fytor Ceia 0-0: Ball
1-0: Ball
2-0: Ball
3-0: Base on Balls
Pitching: LHP Clay Pryor
Batting: RHB Luo-lang Li 0-0: Ball
1-0: Fly out, F7 (Flyball, 7D)
Batting: RHB Fontana Contaldo 0-0: Ball
1-0: Swinging Strike
1-1: DOUBLE (Line Drive, 7D)
Fytor Ceia to third
Runner from 3rd tries for Home, SAFE, no throw
Batting: RHB Cooper Lowe 0-0: Ball
1-0: Ball
2-0: Called Strike
2-1: Foul Ball, location: 2F
2-2: Foul Ball, location: 2F
2-2: Ball
3-2: Base on Balls
Batting: RHB Olaf Esveld 0-0: Ball
1-0: Ball
2-0: Fly out, F8 (Flyball, 8LM)
Batting: RHB Kupaalani Bakana 0-0: Foul Ball, location: 2F
0-1: Ball
1-1: Foul Ball, location: 2F
1-2: Strikes out looking
Top of the 6th over - 1 run, 1 hit, 0 errors, 2 left on base; Salt Lake City 2 - Sunset District 9
BOTTOM OF THE 6TH
Sunset District Fog batting - Pitching for Salt Lake City Buzz : RHP José Castro
Batting: SHB Charles Weber 0-0: Ball
1-0: Called Strike
1-1: Foul Ball, location: 2F
1-2: Ball
2-2: Strikes out swinging
Batting: LHB Arnold England 0-0: Ball
1-0: Foul Ball, location: 2F
1-1: Ball
2-1: SINGLE (Groundball, 4MD)
Batting: RHB Tom Woolever 0-0: Ball
1-0: Called Strike
1-1: Foul Ball, location: 2F
1-2: Fly out, F6 (Line Drive, 6)
Batting: LHB Jesús De Jesús 0-0: Called Strike
0-1: Foul Ball, location: 2F
0-2: Foul Ball, location: 2F
0-2: Ball
1-2: SINGLE (Groundball, 4D)
Arnold England to second
Arnold England to third
Batting: LHB Jesús Trevino 0-0: Ball
1-0: Called Strike
1-1: Foul Ball, location: 2F
1-2: Foul Ball, location: 2F
1-2: Strikes out swinging
Bottom of the 6th over - 0 runs, 2 hits, 0 errors, 2 left on base; Salt Lake City 2 - Sunset District 9
TOP OF THE 7TH
Salt Lake City Buzz batting - Pitching for Sunset District Fog : LHP Clay Pryor
Batting: RHB Germán Espantoso 0-0: Ball
1-0: Fly out, F8 (Flyball, 8RS)
Batting: RHB Yoichibei Chikafuji 0-0: Swinging Strike
0-1: Called Strike
0-2: Foul Ball, location: 2F
0-2: Ball
1-2: Foul Ball, location: 2F
1-2: Fly out, F6 (Popup, 56)
Batting: LHB Orlando Casillas 0-0: SINGLE (Groundball, 5D)
Batting: RHB Fytor Ceia 0-0: Ball
1-0: Ball
2-0: Foul Ball, location: 2F
2-1: Ball
3-1: Base on Balls
Orlando Casillas to second
Batting: RHB Luo-lang Li 0-0: Ball
1-0: Foul Ball, location: 2F
1-1: Ball
2-1: Swinging Strike
2-2: Ball
3-2: Base on Balls
Orlando Casillas to third
Fytor Ceia to second
Batting: RHB Fontana Contaldo 0-0: Foul Ball, location: 2F
0-1: Foul Ball, location: 2F
0-2: Ball
1-2: Ball
2-2: Ball
3-2: Base on Balls
Orlando Casillas scores
Fytor Ceia to third
Luo-lang Li to second
Batting: RHB Cooper Lowe 0-0: Foul Ball, location: 2F
0-1: Ball
1-1: Ball
2-1: Foul Ball, location: 2F
2-2: Fielders Choice at 2nd, 6-4 (Groundball, 56)
Top of the 7th over - 1 run, 1 hit, 0 errors, 3 left on base; Salt Lake City 3 - Sunset District 9
BOTTOM OF THE 7TH
Sunset District Fog batting - Pitching for Salt Lake City Buzz : RHP José Castro
Batting: LHB Frank Brinton 0-0: Ball
1-0: Foul Ball, location: 2F
1-1: Ball
2-1: Swinging Strike
2-2: Ball
3-2: SINGLE (Groundball, 4MS) (infield hit)
Pitching: RHP Aliaume Thiame
Batting: LHB Roderick Simpson 0-0: Ball
1-0: Ground out U3 (Groundball, 34S)
Frank Brinton to second
Batting: LHB Ed Berry 0-0: Called Strike
0-1: Foul Ball, location: 2F
0-2: Ball
Wild Pitch!
Frank Brinton to third
1-2: Foul Ball, location: 2F
1-2: TRIPLE (Flyball, 89XD)
Frank Brinton scores
Batting: LHB Ieyoshi Samurakami 0-0: Ball
1-0: Ball
2-0: Ball
3-0: Base on Balls
Batting: SHB Charles Weber 0-0: Called Strike
0-1: Foul Ball, location: 2F
0-2: Foul Ball, location: 2F
0-2: Ball
1-2: Grounds into double play, 5-4-3 (Groundball, 56)
Bottom of the 7th over - 1 run, 2 hits, 0 errors, 1 left on base; Salt Lake City 3 - Sunset District 10
TOP OF THE 8TH
Salt Lake City Buzz batting - Pitching for Sunset District Fog : LHP Clay Pryor
Batting: RHB Olaf Esveld 0-0: Ball
1-0: Swinging Strike
1-1: Called Strike
1-2: Strikes out swinging
Batting: RHB Kupaalani Bakana 0-0: Swinging Strike
0-1: Foul Ball, location: 2F
0-2: Ball
1-2: SINGLE (Groundball, 6D)
Batting: RHB Germán Espantoso 0-0: Called Strike
0-1: Grounds into double play, 5-4-3 (Groundball, 5)
Top of the 8th over - 0 runs, 1 hit, 0 errors, 0 left on base; Salt Lake City 3 - Sunset District 10
BOTTOM OF THE 8TH
Sunset District Fog batting - Pitching for Salt Lake City Buzz : RHP Aliaume Thiame
Batting: LHB Arnold England 0-0: Called Strike
0-1: Ball
1-1: Foul Ball, location: 2F
1-2: Ball
2-2: Foul Ball, location: 2F
2-2: Ball
3-2: Fly out, F9 (Flyball, 9LM)
Batting: RHB Tom Woolever 0-0: Called Strike
0-1: Called Strike
0-2: Ball
1-2: Ground out 6-3 (Groundball, 56D)
Batting: LHB Jesús De Jesús 0-0: Called Strike
0-1: Ball
1-1: Ball
2-1: Called Strike
2-2: Ball
3-2: Foul Ball, location: 2F
3-2: Fly out, F3 (Line Drive, 3)
Bottom of the 8th over - 0 runs, 0 hits, 0 errors, 0 left on base; Salt Lake City 3 - Sunset District 10
TOP OF THE 9TH
Salt Lake City Buzz batting - Pitching for Sunset District Fog : LHP Clay Pryor
Batting: RHB Yoichibei Chikafuji 0-0: Foul Ball, location: 2F
0-1: Ball
1-1: Ball
2-1: Called Strike
2-2: Strikes out swinging
Batting: LHB Orlando Casillas 0-0: Called Strike
0-1: Ball
1-1: Foul Ball, location: 2F
1-2: SINGLE (Groundball, 56D) (infield hit)
Pitching: RHP Akinori Yamauchi
Batting: RHB Fytor Ceia 0-0: Ball
1-0: SINGLE (Flyball, 56D)
Orlando Casillas to second
Batting: RHB Luo-lang Li 0-0: Foul Ball, location: 2F
0-1: Ball
1-1: Ball
2-1: Fielders Choice at 2nd, 6-4 (Groundball, 6)
Orlando Casillas to third
Batting: RHB Fontana Contaldo 0-0: Called Strike
0-1: Ball
1-1: Foul Ball, location: 2F
1-2: Ball
2-2: Strikes out looking
Top of the 9th over - 0 runs, 2 hits, 0 errors, 2 left on base; Salt Lake City 3 - Sunset District 10
Friday, March 29th, 2019 - OOTP Baseball 18.8 Build 76